 Dungeon Crawl Stone Soup version 0.31-a0-1611-g890cdf5628 (webtiles) character file.

Game seed: 361407087806234909

7414 bobo the Grappler (level 10, -7/93 HPs)
             Began as a Troll Shapeshifter on Jan 9, 2024.
             Was a Believer of Wu Jian.
             Mangled by an elephant (15 damage)
             ... on level 2 of the Lair of Beasts.
             The game lasted 00:21:35 (7568 turns).

bobo the Grappler (Troll Shapeshifter)              Turns: 7568, Time: 00:21:36

Health: -7/93      AC:  3    Str: 25      XL:     10   Next: 93%
Magic:  9/9        EV: 10    Int:  4 (5)  God:    Wu Jian [**....]
Gold:   473        SH:  0    Dex: 12 (13) Spells: 9/9 levels left

rFire   . .          .
                       - Unarmed
rCold   . . .        (no shield)
rNeg    + . .        a - melded +0 animal skin
rPois   .            (helmet restricted)
rElec   .            q - +0 cloak
rCorr   .            (gloves unavailable)
SInv    .            (boots unavailable)
Will    .....        E - amulet of regeneration
Stlth   +            e - ring of positive energy
HPRegen 1.95/turn    (no ring)
MPRegen 0.11/turn

%: no passive effects
@: maw-form
A: devouring maw, reduced hp, large, unfitting armour, claws 3, regeneration 1,
shaggy fur 1, tough skin 1, horns 1, agile 1, deterioration 1, weak 1
a: Begin Untransformation, Renounce Religion, Wall Jump


You were on level 2 of the Lair of Beasts.
You worshipped Wu Jian.
Wu Jian was pleased with you.
You were a creature with a mouth for a stomach.
You visited 3 branches of the dungeon, and saw 11 of its levels.

You collected 473 gold pieces.

Inventory:

Missiles
 b - 19 poisoned darts (quivered)
 o - 4 javelins
 w - 2 curare-tipped darts
 x - 4 large rocks
Armour
 a - a +0 animal skin (melded)
 q - a +0 cloak (worn)
Jewellery
 e - a ring of positive energy (left claw)
 D - an amulet of reflection
 E - an amulet of regeneration (around neck)
Talismans
 c - a beast talisman
 d - a flux talisman
 k - a maw talisman (active)
 t - a dragon-blood talisman
 C - a serpent talisman
Wands
 i - a wand of digging (5)
 r - a wand of iceblast (5)
 s - a wand of acid (5)
 y - a wand of flame (20)
 G - a wand of polymorph (4)
 I - a wand of paralysis (3)
Scrolls
 h - a scroll of poison {unknown}
 j - 5 scrolls of amnesia
 l - 4 scrolls of teleportation
 m - 3 scrolls of identify
 n - 2 scrolls of noise {unknown}
 u - a scroll of vulnerability {unknown}
 v - 2 scrolls of summoning
 A - a scroll of brand weapon {unknown}
 F - a scroll of enchant armour {unknown}
Potions
 g - 2 potions of ambrosia
 p - a potion of curing
 z - 2 potions of brilliance
 B - a potion of haste {unknown}
 H - a potion of mutation


   Skills:
 + Level 7.8 Fighting
 - Level 5.0 Throwing
 - Level 1.5 Dodging
 + Level 9.7 Unarmed Combat
 + Level 9.0 Shapeshifting


You had 9 spell levels left.
You didn't know any spells.
Your spell library contained the following spells:

 Spells                   Type           Power      Damage    Failure   Level
 Apportation              Tloc           0%         N/A       50%         1
 Necrotise                Necr           0%         1d4       50%         1
 Sting                    Conj/Alch      0%         1d3       50%         1
 Summon Small Mammal      Summ           0%         N/A       50%         1
 Static Discharge         Conj/Air       0%         3-3/arc   65%         2
 Airstrike                Air            0%         2d(0-16)  99%         4
 Summon Lightning Spire   Summ/Air       0%         N/A       99%         4


Dungeon Overview and Level Annotations

Branches:
Dungeon (8/15)             Temple (1/1) D:5            Lair (2/5) D:8
 Shoals (0/4) Lair:2
  Snake: Lair:2-3    Spider: Lair:2-3

Altars:
Ashenzari
Cheibriados
Dithmenos
Elyvilon
Fedhas
Gozag
Kikubaaqudgha
Makhleb
Nemelex Xobeh
Okawaru
Qazlal
Ru
Sif Muna
Trog
Uskayaw
Vehumet
Wu Jian
Xom
Yredelemnul
Zin
The Shining One

Shops:
D:5 *=   D:8 [

Annotations:
Lair:1 3 runed translucent doors, Jeozxienae's ghost, journeyman OpSh


Innate Abilities, Weirdness & Mutations

You are a creature with a mouth for a stomach.
Your midsection houses a second, enormous mouth.
Your maximum health is decreased, since you lack skill for your form.
You are too large for most types of armour.
You have claws for hands.
Your natural rate of healing is unusually fast.
You are covered in fur. (AC +1)
You have tough skin. (AC +1)
You have a pair of small horns on your head.
You are agile. (Dex +4, Str/Int -1)
Your body sometimes deteriorates upon taking damage.
You are weak. (Str -2)


Message History

The elephant seems to slow down.
The elephant is lightly wounded.
You claw the elephant!
You headbutt the elephant, but do no damage.
You claw the elephant. You bite the elephant.
The elephant is moderately wounded.
The elephant tramples you.
You hold your ground!
The elephant trunk-slaps you.
You claw the elephant!
You bite the elephant, but do no damage.
The elephant is heavily wounded.
The elephant is no longer moving slowly.
The elephant tramples you.
You hold your ground!
The elephant trunk-slaps you.
You scratch the elephant. You headbutt the elephant.
You bite the elephant, but do no damage.
The elephant is severely wounded.
The elephant tramples you.
You hold your ground!
The elephant closely misses you. The elephant tramples you!
You hold your ground!
The elephant trunk-slaps you.
You mangle the elephant!!
You headbutt the elephant, but do no damage.
You bite the elephant, but do no damage.
The elephant is almost dead.
The elephant tramples you!
* * * LOW HITPOINT WARNING * * *
You hold your ground!
The elephant trunk-slaps you but does no damage.
As you read the scroll of fear, it crumbles to dust.
You assume a fearsome visage.
The manticore looks frightened!
The elephant resists with almost no effort. x3
The elephant tramples you!
* * * LOW HITPOINT WARNING * * *
Your body deteriorates!
You feel dopey.
You hold your ground!
The elephant trunk-slaps you.
* * * LOW HITPOINT WARNING * * *
You spin and attack the elephant.
You barely miss the elephant.
You headbutt the elephant, but do no damage.
You bite the elephant, but do no damage.
The elephant is almost dead.
The elephant tramples you!
You die...

#.....# ##....#
.###.....## #
.........P# .#
P.........# #### ..#.
#.......?.####.P##...#
#...............P....#
#....YY............##
#....Y.W...........#
#.(..###P##........##
..... ######......P#
.>.H #.......### ..(
#........P# ..
##.......# .
#..###..## ... ...
##.# ...P# #P.##..#
##..## ..##


You could see 3 elephants.

Vanquished Creatures
  A two-headed ogre (D:7)
  A tengu warrior (D:8)
  A black mamba (Lair:1)
  2 cane toads (Lair:1)
  A komodo dragon (D:8)
  A tengu conjurer (D:8)
  A wind drake (Lair:2)
  A polar bear (Lair:1)
  Grinder (D:5)
  Sigmund (D:3)
  5 yaks (Lair:1)
  A basilisk (Lair:1)
  Edmund (D:5)
  6 water moccasins
  3 black bears
  2 orc warriors
  2 sky beasts (D:6)
  An ice beast (D:6)
  2 ogres
  A centaur (D:5)
  A phantom (D:5)
  3 kobold brigands
  5 bullfrogs
  A scorpion (D:7)
  A howler monkey (D:5)
  5 hounds
  2 bombardier beetles
  A jelly (D:4)
  3 orc priests
  Crazy Yiuf (D:5)
  A gnoll bouda (D:6)
  A sleepcap (D:6)
  An iguana (D:5)
  6 orc wizards
  Robin (D:2)
  4 adders
  11 gnolls
  2 white imps
  2 dart slugs
  3 ribbon worms
  21 orcs
  9 bats
  6 endoplasms
  5 giant cockroaches
  13 goblins
  16 hobgoblins
  12 jackals
  8 quokkas
  2 ball pythons
  A frilled lizard (D:2)
  14 kobolds
  3 rats
200 creatures vanquished.

Notes
Turn   | Place    | Note
-------+----------+-------------------------------------------
     0 | D:1      | bobo the Troll Shapeshifter began the quest for the Orb.
     0 | D:1      | Reached XP level 1. HP: 18/18 MP: 0/0
    23 | D:1      | Reached skill level 1 in Fighting
    48 | D:1      | Reached XP level 2. HP: 25/27 MP: 1/1
   440 | D:1      | Reached XP level 3. HP: 30/33 MP: 2/2
   965 | D:2      | Noticed Robin
   990 | D:2      | Killed Robin
   995 | D:2      | Reached XP level 4. HP: 38/42 MP: 3/3
  1631 | D:3      | Noticed Sigmund
  1637 | D:3      | Killed Sigmund
  1638 | D:3      | Reached XP level 5. HP: 53/53 MP: 4/4
  1638 | D:3      | Reached XP level 6. HP: 61/61 MP: 5/5
  2962 | D:4      | Gained mutation: You are weak. (Str -2) [potion of
                  | mutation]
  2962 | D:4      | Gained mutation: You have a pair of small horns on your
                  | head. [potion of mutation]
  2962 | D:4      | Gained mutation: Your body sometimes deteriorates upon
                  | taking damage. [potion of mutation]
  2962 | D:4      | Gained mutation: You are agile. (Dex +4, Str/Int -1)
                  | [potion of mutation]
  3375 | D:4      | Reached skill level 5 in Unarmed Combat
  3437 | D:5      | Entered Level 5 of the Dungeon
  3437 | D:5      | Found Tuorebb's Jewellery Emporium.
  3468 | D:5      | Noticed Grinder
  3469 | D:5      | Paralysed by Grinder for 4 turns
  3482 | D:5      | Killed Grinder
  3483 | D:5      | Reached skill level 1 in Throwing
  3483 | D:5      | Reached skill level 5 in Shapeshifting
  3483 | D:5      | Reached XP level 7. HP: 68/68 MP: 6/6
  3499 | D:5      | Noticed Edmund
  3515 | D:5      | Killed Edmund
  3565 | D:5      | You fall into a shaft and drop 2 floors!
  3630 | D:7      | Noticed a two-headed ogre
  3641 | D:7      | Killed a two-headed ogre
  3642 | D:7      | Reached XP level 8. HP: 25/79 MP: 7/7
  3806 | D:6      | Reached skill level 5 in Fighting
  3887 | D:5      | Found a staircase to the Ecumenical Temple.
  3896 | Temple   | Entered the Ecumenical Temple
  3938 | Temple   | Became a worshipper of the Wu Jian Council
  4079 | D:5      | Reached XP level 9. HP: 68/88 MP: 8/8
  4128 | D:5      | Found a glowing silver altar of Zin.
  4262 | D:5      | Found Sytheti's Gadget Gallery.
  4292 | D:5      | Found a glowing golden altar of the Shining One.
  4504 | D:5      | Found a runed translucent door.
  4505 | D:5      | Noticed Crazy Yiuf
  4584 | D:5      | Killed Crazy Yiuf
  4895 | D:6      | Reached * piety under Wu Jian
  5176 | D:6      | Found a stormy altar of Qazlal.
  5178 | D:6      | Found a shadowy altar of Dithmenos.
  5283 | D:7      | Reached skill level 5 in Throwing
  6132 | D:8      | Found a burning altar of Makhleb.
  6175 | D:8      | Noticed a tengu warrior
  6178 | D:8      | Noticed a tengu conjurer
  6184 | D:8      | Killed a tengu warrior
  6185 | D:8      | Reached XP level 10. HP: 100/100 MP: 9/9
  6208 | D:8      | Found Vajy's Armour Shoppe.
  6254 | D:8      | Found a blossoming altar of Fedhas.
  6371 | D:8      | Found a staircase to the Lair.
  6698 | Lair:1   | Entered Level 1 of the Lair of Beasts
  6837 | Lair:1   | Noticed a cane toad
  6843 | Lair:1   | Killed a cane toad
  6843 | Lair:1   | Reached ** piety under Wu Jian
  6964 | Lair:1   | Noticed a cane toad
  6971 | Lair:1   | Killed a cane toad
  7094 | Lair:1   | Noticed a black mamba
  7103 | Lair:1   | Killed a black mamba
  7303 | Lair:1   | Found a runed translucent gate.
  7303 | Lair:1   | Found a runed translucent gate.
  7304 | Lair:1   | Found a runed translucent gate.
  7500 | Lair:1   | Noticed a spectral death yak
  7500 | Lair:1   | Noticed Jeozxienae's ghost (journeyman OpSh)
  7554 | Lair:2   | Found a staircase to the Shoals.
  7554 | Lair:2   | Noticed an elephant
  7555 | Lair:2   | Noticed an elephant
  7556 | Lair:2   | Noticed an elephant
  7561 | Lair:2   | Noticed a manticore
  7568 | Lair:2   | Mangled by an elephant

Illustrated notes

Levels and vault maps discovered:
D:1:      pf_arrival_petrified_forest, layout_loops_corners
D:2:      layout_loops_ring, serial_aquarium, aquarium_bridge_straight
          [aquarium_subvault_bridge, aquarium_subvault_wall,
          aquarium_subvault_bridge, aquarium_subvault_window],
          aquarium_window_double, aquarium_window_2, aquarium_view_2b,
          aquarium_pool_side, uniq_robin
D:3:      layout_loops_corners, uniq_sigmund
D:4:      layout_basic
D:5:      layout_basic, zin_statuary, nicolae_overflow_crystal_walls,
          minmay_temple_entry_junction, serial_shops, shop,
          nicolae_shop_gadgets, uniq_grinder, uniq_crazy_yiuf_cottage,
          uniq_edmund
D:6:      layout_loops_cross, nicolae_overflow_hidden_temple
D:7:      layout_cave_pods
D:8:      layout_loops_ring, mainiacjoe_overflow_six_doors_small,
          lemuel_round_altar, david_lair_shrubbed, serial_shops, shop_fountains,
          blue_anna_alchemist
Temple:   bh_familiar_temple
Lair:1:   layout_chaotic_city, gammafunk_ghost_necromancy
Lair:2:   layout_chaotic_city, minmay_shoals_entry_beasts

Skill      XL: |  1  2  3  4  5  6  7  8  9 10 |
---------------+-------------------------------+-----
Fighting       | 1 2 3 4 5 6 7 |  7.8
Unarmed Combat | 4 5 6 8 9 |  9.7
Shapeshifting  | 4 5 6 7 9 |  9.0
Throwing       | 1 3 4 5 |  5.0
Dodging        | |  1.5

Action                     |  1- 3 |  4- 6 |  7- 9 | 10-12 || total
---------------------------+-------+-------+-------+-------++-------
  Melee: Unarmed           |    85 |   130 |   139 |    96 ||   450
         Punch             |     1 |     2 |     5 |     3 ||    11
         Headbutt          |       |     3 |    17 |    15 ||    35
         Maw               |       |       |       |    11 ||    11
         Constrict         |       |       |       |     6 ||     6
  Throw: Javelin           |       |     2 |     8 |       ||    10
         Dart              |       |       |    19 |    20 ||    39
         Large rock        |       |       |       |     1 ||     1
Ability: Lunge             |       |       |    11 |    12 ||    23
         Whirlwind         |       |       |       |    13 ||    13
  Evoke: Wand              |       |       |     6 |     1 ||     7
    Use: Potion            |       |     2 |     3 |       ||     5
         Scroll            |       |       |     4 |     6 ||    10
   Stab: Sleeping          |     1 |       |       |       ||     1
 Armour: Animal skin       |    70 |    70 |    89 |    17 ||   246
         Skin              |       |     5 |     4 |    44 ||    53
  Dodge: Dodged            |    42 |    45 |    52 |    34 ||   173
   Form: Beast             |       |       |     1 |       ||     1
         Flux              |       |       |     1 |       ||     1
         Serpent           |       |       |       |     2 ||     2
                           |       |       |       |     1 ||     1
         Maw               |       |       |       |     1 ||     1

Table legend: (Time is in decaauts)
 A = Elapsed time spent in this place.
 B = Non-inter-level travel time spent in this place.
 C = Inter-level travel time spent in this place.
 D = Time resting spent in this place.
 E = Time spent auto-exploring this place.
 F = Levels seen in this place.
 G = Mean time per level.
                   A        B        C        D        E       F      G
               +--------+--------+--------+--------+--------+-----+--------+
         Total |   7517 |   7127 |    390 |     50 |   5661 |  11 |  683.4 |
       Dungeon |   6593 |   6260 |    333 |     50 |   4953 |   8 |  824.1 |
        Temple |     64 |     18 |     46 |      0 |      0 |   1 |   64.0 |
          Lair |    859 |    848 |     11 |      0 |    708 |   2 |  429.5 |
               +--------+--------+--------+--------+--------+-----+--------+

Top non-repeatable levels by time:
     D:3: 945 daAuts
     D:5: 864 daAuts
     D:4: 856 daAuts
     D:7: 844 daAuts
     D:1: 815 daAuts
  Lair:1: 807 daAuts
     D:2: 804 daAuts
     D:8: 745 daAuts
     D:6: 717 daAuts
  Temple: 64 daAuts
  Lair:2: 52 daAuts
